Devils vs Senateurs
Created - March 15, 2021 at 19:17
Goals
|
Devils |
1 |
1 |
3 |
5 |
Senateurs |
0 |
0 |
2 |
2 |
|
Shots
|
Devils |
10 |
10 |
8 |
28 |
Senateurs |
11 |
10 |
9 |
30 |
|
1st period
1. Devils , Marian Gaborik 25 (Tyler Ennis 39, Nazem Kadri 55) at 14:35
Penalties :
Sidney Crosby (Ott) for Hooking (Minor) at 4:36, Anton Stralman (NJD) for Holding (Minor) at 14:50
2nd period
2. Devils , Eric Tangradi 11 (Brad Richardson 12, Nick Bonino 10) at 13:51
Penalties :
Dion Phaneuf (Ott) for Hooking (Minor) at 10:53
3rd period
3. Senateurs , Brian McGrattan 7 (Marek Svatos 18, Maxim Lapierre 19) at 7:10 (PP)
4. Senateurs , Nate Prosser 1 (Colby Armstrong 18, Eric Gelinas 19) at 11:48 (PP)
5. Devils , Marian Gaborik 26 (Tyler Ennis 40, Anton Stralman 20) at 14:00
6. Devils , Tyler Ennis 36 (Nazem Kadri 56) at 14:08
7. Devils , Tyler Ennis 37 (Patrick Kaleta 14, Marian Gaborik 46) at 15:21 (PP)
Penalties :
Jamie Arniel (NJD) for Roughing (Double Minor) at 4:42, Mike Weber (NJD) for Roughing (Minor) at 10:09, Sidney Crosby (Ott) for Holding (Minor) at 15:09, Anton Stralman (NJD) for Tripping (Minor) at 16:23
Goalie Stats
Maxime Daigneault (NJD), 28 saves from 30 shots - (0.933), W, 29-15-6, 60:00 minutes
Jaroslav Halak (Ott), 23 saves from 28 shots - (0.821), L, 27-24-7, 60:00 minutes
Players Stats for Devils
Player Name G A P +/- PIM S H SB GA TA FO MP PP MP PK MP
------------------------------------------------------------------------------------
Anton Stralman 0 1 1 3 4 1 2 5 0 1 0/0 22:57 1:27 2:15
Brad Richards 0 0 0 0 0 1 2 0 0 0 3/4 13:31 1:50 1:58
Brad Richardson 0 1 1 1 0 0 3 0 0 0 0/0 8:24 0:00 0:00
Chris Stewart 0 0 0 0 0 1 1 0 1 0 0/0 16:00 1:50 0:00
Eric Tangradi 1 0 1 1 0 1 1 1 0 0 0/0 10:19 0:00 1:27
Jamie Arniel 0 0 0 0 4 8 4 0 0 1 6/12 16:11 0:00 1:26
Josh Gorges 0 0 0 0 0 2 1 2 1 0 0/0 23:52 2:03 4:23
Kristopher Letang 0 0 0 3 0 0 1 0 0 3 0/0 23:43 1:27 3:11
Marian Gaborik 2 1 3 3 0 2 1 1 0 0 1/1 17:17 2:20 0:00
Martin Samuelsson 0 0 0 0 0 1 1 0 0 0 2/3 13:18 0:00 4:13
Michael Del Zotto 0 0 0 0 0 0 0 3 1 1 0/0 22:06 2:03 3:10
Mike Weber 0 0 0 1 2 0 3 0 0 0 0/0 14:23 0:40 2:30
Nazem Kadri 0 2 2 3 0 2 1 1 1 0 13/23 15:15 0:00 0:28
Nick Bonino 0 1 1 1 0 0 1 0 0 0 1/3 8:19 0:00 0:00
Patrick Kaleta 0 1 1 0 0 2 3 1 0 1 2/4 15:43 2:20 4:13
Thomas Hickey 0 0 0 1 0 0 1 0 0 0 0/0 14:10 0:40 0:41
Tyler Ennis 2 2 4 3 0 5 1 0 0 0 0/2 17:17 2:20 0:00
Zach Parise 0 0 0 0 0 2 4 2 0 1 1/1 19:06 1:50 2:25
Players Stats for Senateurs
Player Name G A P +/- PIM S H SB GA TA FO MP PP MP PK MP
------------------------------------------------------------------------------------
Anthony Bitetto 0 0 0 0 0 1 0 0 0 0 0/0 13:07 0:00 1:03
Brandon Burlon 0 0 0 -1 0 0 0 0 0 0 0/0 12:48 0:01 0:00
Brian McGrattan 1 0 1 0 0 3 2 0 1 0 0/0 8:09 0:17 0:00
Cody Franson 0 0 0 0 0 2 3 2 0 1 0/0 26:03 4:04 2:10
Colby Armstrong 0 1 1 0 0 2 1 1 0 0 0/0 16:48 4:03 0:00
Derek Boogaard 0 0 0 -2 0 3 1 1 0 0 3/4 20:56 3:45 2:17
Dion Phaneuf 0 0 0 -1 2 2 1 0 2 2 0/0 25:58 4:04 1:17
Eric Gelinas 0 1 1 -3 0 2 0 1 0 0 0/0 21:10 4:01 2:00
Marek Svatos 0 1 1 -2 0 3 2 0 1 1 0/0 11:54 0:17 0:00
Matt Martin 0 0 0 0 0 3 3 0 1 0 0/1 17:53 4:03 1:05
Matt Moulson 0 0 0 0 0 0 0 0 0 0 0/0 9:11 0:00 0:42
Maxim Lapierre 0 1 1 -2 0 0 1 0 1 0 2/6 11:54 0:17 0:00
Nate Prosser 1 0 1 -3 0 2 0 0 1 0 0/0 20:59 4:00 1:50
Nick Bjugstad 0 0 0 0 0 3 3 0 0 0 2/4 17:32 4:03 0:44
Peter Regin 0 0 0 0 0 0 0 0 0 0 4/5 9:51 0:00 1:28
Reilly Smith 0 0 0 -2 0 1 0 0 1 0 1/2 19:44 3:45 1:05
Sergei Kostitsyn 0 0 0 -2 0 0 0 0 0 0 0/1 11:37 0:00 0:00
Sidney Crosby 0 0 0 -2 4 3 3 1 0 0 12/30 20:13 3:45 0:59
3 Stars
1 - Tyler Ennis (NJD)
2 - Marian Gaborik (NJD)
3 - Nazem Kadri (NJD)
Power Play
Devils - 1 on 3 Attempt(s) - 33.33%
Senateurs - 2 on 5 Attempt(s) - 40.00%
Penalty Kill
Devils - 3 on 5 Attempt(s) - 60.00%
- Score 0 goal in Penalty Kill
Senateurs - 2 on 3 Attempt(s) - 66.67%
- Score 0 goal in Penalty Kill
Team Stat
Devils - Hits : 31 - Faceoff Wins : 29 - Blocked Shots : 16 - Penalty Minutes : 10
Senateurs - Hits : 20 - Faceoff Wins : 24 - Blocked Shots : 6 - Penalty Minutes : 6
Official
Referees : Unknown
Linesman : Unknown
Game Notes
No Game Note
Finance
Level 1 -- Attendance: 5867 (97.78%) -- Ticket Income $604,301
Level 2 -- Attendance: 4373 (87.46%) -- Ticket Income $297,364
Level 3 -- Attendance: 1774 (88.70%) -- Ticket Income $76,282
Level 4 -- Attendance: 3785 (94.63%) -- Ticket Income $105,980
Luxury Box -- Attendance: 1000 (100.00%) -- Ticket Income $180,000
Game was played at the Place Banque Scotia.
Total Attendance: 16799 (93.33%)
Total Ticket Income: $1,263,927
Other Income: $189,589
Total Income: $1,453,516
Devils
5 vs 5 Forward
Center Left Wing Right Wing Time % Phy DF OF
1 Nazem Kadri Tyler Ennis Marian Gaborik 36 0 2 3
2 Jamie Arniel Zach Parise Chris Stewart 32 0 2 3
3 Brad Richards Martin Samuelsson Patrick Kaleta 22 0 2 3
4 Nick Bonino Eric Tangradi Brad Richardson 10 0 2 3
5 vs 5 Defense
Defense Defense Time % Phy DF OF
1 Kristopher Letang Anton Stralman 40 0 3 2
2 Michael Del Zotto Josh Gorges 35 0 3 2
3 Thomas Hickey Mike Weber 25 0 3 2
4 Kristopher Letang Anton Stralman 0 1 2 2
PowerPlay Forward
Center Left Wing Right Wing Time % Phy DF OF
1 Patrick Kaleta Tyler Ennis Marian Gaborik 60 0 1 4
2 Brad Richards Zach Parise Chris Stewart 40 0 1 4
PowerPlay Defense
Defense Defense Time % Phy DF OF
1 Kristopher Letang Anton Stralman 60 0 1 4
2 Michael Del Zotto Josh Gorges 40 0 1 4
Penalty Kill 4 Players Forward
Center Wing Time % Phy DF OF
1 Martin Samuelsson Patrick Kaleta 60 1 3 1
2 Jamie Arniel Zach Parise 40 1 3 1
Penalty Kill 4 Players Defense
Defense Defense Time % Phy DF OF
1 Anton Stralman Josh Gorges 60 1 4 0
2 Michael Del Zotto Mike Weber 40 1 4 0
Penalty Kill - 3 Players Forward
Forward Time % Phy DF OF
1 Zach Parise 60 1 3 1
2 Brad Richards 40 1 3 1
Penalty Kill - 3 Players Defense
Defense Defense Time % Phy DF OF
1 Kristopher Letang Anton Stralman 60 1 4 0
2 Mike Weber Josh Gorges 40 1 4 0
4 vs 4 Forward
Center Wing Time % Phy DF OF
1 Zach Parise Tyler Ennis 60 0 2 3
2 Brad Richards Marian Gaborik 40 0 2 3
4 vs 4 Defense
Defense Defense Time % Phy DF OF
1 Kristopher Letang Anton Stralman 60 0 3 2
2 Michael Del Zotto Josh Gorges 40 0 3 2
Last Minutes Offensive
Center Left Wing Right Wing Defense Defense
Nazem Kadri Tyler Ennis Marian Gaborik Kristopher Letang Michael Del Zotto
Last Minutes Defensive
Center Left Wing Right Wing Defense Defense
Jamie Arniel Zach Parise Patrick Kaleta Josh Gorges Anton Stralman
Goaltenders
Starting : Maxime Daigneault
Backup : Thomas McCollum
Extra Forwards
Normal : Brad Richards, Patrick Kaleta, Martin Samuelsson - PP : Jamie Arniel, Patrick Kaleta - PK : Brad Richards
Extra Defensemen
Normal : Kristopher Letang, Mike Weber, Michael Del Zotto - PP : Michael Del Zotto - PK : Kristopher Letang, Anton Stralman
Penalty Shots
Marian Gaborik, Tyler Ennis, Brad Richards, Chris Stewart, Zach Parise
Scratches
Matt Donovan (Healthy)
Senateurs
5 vs 5 Forward
Center Left Wing Right Wing Time % Phy DF OF
1 Sidney Crosby Derek Boogaard Reilly Smith 40 1 2 2
2 Nick Bjugstad Matt Martin Colby Armstrong 30 1 2 2
3 Maxim Lapierre Sergei Kostitsyn Marek Svatos 20 1 2 2
4 Peter Regin Matt Moulson Brian McGrattan 10 1 2 2
5 vs 5 Defense
Defense Defense Time % Phy DF OF
1 Dion Phaneuf Cody Franson 40 1 2 2
2 Eric Gelinas Nate Prosser 30 1 2 2
3 Brandon Burlon Anthony Bitetto 20 1 2 2
4 Dion Phaneuf Cody Franson 10 1 2 2
PowerPlay Forward
Center Left Wing Right Wing Time % Phy DF OF
1 Sidney Crosby Derek Boogaard Reilly Smith 60 1 2 2
2 Nick Bjugstad Matt Martin Colby Armstrong 40 1 2 2
PowerPlay Defense
Defense Defense Time % Phy DF OF
1 Dion Phaneuf Cody Franson 60 1 2 2
2 Eric Gelinas Nate Prosser 40 1 2 2
Penalty Kill 4 Players Forward
Center Wing Time % Phy DF OF
1 Sidney Crosby Derek Boogaard 60 1 2 2
2 Matt Martin Reilly Smith 40 1 2 2
Penalty Kill 4 Players Defense
Defense Defense Time % Phy DF OF
1 Dion Phaneuf Cody Franson 60 1 2 2
2 Eric Gelinas Nate Prosser 40 1 2 2
Penalty Kill - 3 Players Forward
Forward Time % Phy DF OF
1 Sidney Crosby 60 1 2 2
2 Derek Boogaard 40 1 2 2
Penalty Kill - 3 Players Defense
Defense Defense Time % Phy DF OF
1 Dion Phaneuf Cody Franson 60 1 2 2
2 Eric Gelinas Nate Prosser 40 1 2 2
4 vs 4 Forward
Center Wing Time % Phy DF OF
1 Sidney Crosby Derek Boogaard 60 1 2 2
2 Matt Martin Reilly Smith 40 1 2 2
4 vs 4 Defense
Defense Defense Time % Phy DF OF
1 Dion Phaneuf Cody Franson 60 1 2 2
2 Eric Gelinas Nate Prosser 40 1 2 2
Last Minutes Offensive
Center Left Wing Right Wing Defense Defense
Sidney Crosby Derek Boogaard Reilly Smith Dion Phaneuf Cody Franson
Last Minutes Defensive
Center Left Wing Right Wing Defense Defense
Sidney Crosby Derek Boogaard Reilly Smith Dion Phaneuf Cody Franson
Goaltenders
Starting : Jaroslav Halak
Backup : Jonas Hiller
Extra Forwards
Normal : Marek Svatos, Maxim Lapierre, Peter Regin - PP : Marek Svatos, Maxim Lapierre - PK : Peter Regin
Extra Defensemen
Normal : Brandon Burlon, Anthony Bitetto, Eric Gelinas - PP : Brandon Burlon - PK : Anthony Bitetto, Eric Gelinas
Penalty Shots
Sidney Crosby, Derek Boogaard, Matt Martin, Reilly Smith, Colby Armstrong
Scratches
Arturs Kulda (Right Leg Injury)
% Time on Ice - Devils
Lines # - Real PCT - Wanted PCT - Time Play
Normal Forward
1 - 32% - 36% - 15:30
2 - 31% - 32% - 14:51
3 - 19% - 22% - 9:05
4 - 17% - 10% - 8:19
Normal Defense
1 - 41% - 40% - 19:38
2 - 35% - 35% - 16:53
3 - 24% - 25% - 11:14
4 - 0% - 0% - 0:00
PP Forward
1 - 56% - 60% - 2:20
2 - 44% - 40% - 1:50
PP Defense
1 - 35% - 60% - 1:27
2 - 65% - 40% - 2:43
PK Forward
1 - 70% - 60% - 5:40
2 - 30% - 40% - 2:25
PK Defense
1 - 61% - 60% - 4:55
2 - 39% - 40% - 3:10
PK3 Forward
1 - 0% - 60%
2 - 0% - 40%
PK3 Defense
1 - 0% - 60%
2 - 0% - 40%
44 Forward
1 - 0% - 60%
2 - 0% - 40%
44 Defense
1 - 0% - 60%
2 - 0% - 40%
Last Minute Offensive - 0:00
Last Minute Defensive - 0:00
Total
Forward - 60:00
Defense - 60:00
|
% Time on Ice - Senateurs
Lines # - Real PCT - Wanted PCT - Time Play
Normal Forward
1 - 32% - 40% - 15:31
2 - 27% - 30% - 12:45
3 - 24% - 20% - 11:37
4 - 16% - 10% - 7:52
Normal Defense
1 - 38% - 40% - 18:20
2 - 32% - 30% - 15:03
3 - 25% - 20% - 12:04
4 - 5% - 10% - 2:18
PP Forward
1 - 50% - 60% - 4:02
2 - 50% - 40% - 4:03
PP Defense
1 - 51% - 60% - 4:05
2 - 49% - 40% - 4:00
PK Forward
1 - 74% - 60% - 3:05
2 - 26% - 40% - 1:05
PK Defense
1 - 58% - 60% - 2:24
2 - 42% - 40% - 1:46
PK3 Forward
1 - 0% - 60%
2 - 0% - 40%
PK3 Defense
1 - 0% - 60%
2 - 0% - 40%
44 Forward
1 - 0% - 60%
2 - 0% - 40%
44 Defense
1 - 0% - 60%
2 - 0% - 40%
Last Minute Offensive - 0:00
Last Minute Defensive - 0:00
Total
Forward - 60:00
Defense - 60:00
|
Play-by-Play
1st period
0:01 of 1st period - Marian Gaborik wins face-off versus Derek Boogaard in neutral zone.
0:12 of 1st period - Backhand shot by Reilly Smith.
0:12 of 1st period - Stopped by Maxime Daigneault without a rebound.
0:13 of 1st period - Jamie Arniel wins face-off versus Nick Bjugstad in Devils zone.
0:40 of 1st period - Nate Prosser is hit by Nick Bonino and loses puck.
1:33 of 1st period - Slapshot by Eric Gelinas.
1:33 of 1st period - Stopped by Maxime Daigneault without a rebound.
1:34 of 1st period - Sidney Crosby wins face-off versus Nazem Kadri in Devils zone.
1:39 of 1st period - Snap shot by Reilly Smith.
1:39 of 1st period - Shot Blocked by Anton Stralman.
1:41 of 1st period - Snap shot by Derek Boogaard.
1:41 of 1st period - Shot Misses the Net.
1:43 of 1st period - Slapshot by Nate Prosser.
1:43 of 1st period - Stopped by Maxime Daigneault with a rebound.
1:45 of 1st period - Snap shot by Derek Boogaard.
1:45 of 1st period - Stopped by Maxime Daigneault without a rebound.
1:46 of 1st period - Brad Richards wins face-off versus Maxim Lapierre in Devils zone.
1:58 of 1st period - Maxim Lapierre is hit by Patrick Kaleta and loses puck.
2:11 of 1st period - Marek Svatos is hit by Mike Weber and loses puck.
2:38 of 1st period - Anton Stralman is hit by Sidney Crosby and loses puck.
2:45 of 1st period - Wrist shot by Sidney Crosby.
2:45 of 1st period - Shot Misses the Net.
2:47 of 1st period - Wrist shot by Derek Boogaard.
2:47 of 1st period - Shot Misses the Net.
2:59 of 1st period - Slapshot by Martin Samuelsson.
2:59 of 1st period - Shot Misses the Net.
4:12 of 1st period - Nick Bjugstad is hit by Kristopher Letang.
4:36 of 1st period - Minor Penalty to Sidney Crosby for Hooking.
4:37 of 1st period - Patrick Kaleta wins face-off versus Peter Regin in Senateurs zone.
6:36 of 1st period - Penalty to Sidney Crosby is over, Sidney Crosby is back on ice.
6:41 of 1st period - Peter Regin is hit by Josh Gorges and loses puck.
6:56 of 1st period - Snap shot by Peter Regin.
6:56 of 1st period - Shot Misses the Net.
7:53 of 1st period - Off-side.
7:54 of 1st period - Brad Richards wins face-off versus Maxim Lapierre in neutral zone.
8:05 of 1st period - Slapshot by Dion Phaneuf.
8:05 of 1st period - Stopped by Maxime Daigneault without a rebound.
8:06 of 1st period - Derek Boogaard wins face-off versus Nick Bonino in Devils zone.
8:09 of 1st period - Slapshot by Sidney Crosby.
8:09 of 1st period - Shot Blocked by Eric Tangradi.
8:11 of 1st period - Slapshot by Dion Phaneuf.
8:11 of 1st period - Shot Blocked by Anton Stralman.
8:15 of 1st period - Wrist shot by Derek Boogaard.
8:15 of 1st period - Stopped by Maxime Daigneault with a rebound.
8:33 of 1st period - Nazem Kadri is hit by Nick Bjugstad and loses puck.
9:25 of 1st period - Wrist shot by Patrick Kaleta.
9:25 of 1st period - Stopped by Jaroslav Halak with a rebound.
9:27 of 1st period - Slapshot by Josh Gorges.
9:27 of 1st period - Deflect By Brandon Burlon.
9:27 of 1st period - Stopped by Jaroslav Halak with a rebound.
9:29 of 1st period - Snap shot by Brad Richards.
9:29 of 1st period - Deflect By Patrick Kaleta.
9:29 of 1st period - Shot Misses the Net.
9:29 of 1st period - Puck is out of play.
9:30 of 1st period - Nazem Kadri wins face-off versus Sidney Crosby in Senateurs zone.
9:45 of 1st period - Snap shot by Nazem Kadri.
9:45 of 1st period - Stopped by Jaroslav Halak without a rebound.
9:46 of 1st period - Jamie Arniel wins face-off versus Nick Bjugstad in Senateurs zone.
10:20 of 1st period - Dion Phaneuf is hit by Marian Gaborik.
11:05 of 1st period - Peter Regin is hit by Mike Weber and loses puck.
12:24 of 1st period - Slapshot by Jamie Arniel.
12:24 of 1st period - Stopped by Jaroslav Halak with a rebound.
12:26 of 1st period - Slapshot by Anton Stralman.
12:26 of 1st period - Shot Misses the Net.
12:36 of 1st period - Josh Gorges is hit by Marek Svatos.
13:21 of 1st period - Jamie Arniel is hit by Matt Martin and loses puck.
13:27 of 1st period - Icing by Chris Stewart.
13:28 of 1st period - Zach Parise wins face-off versus Sidney Crosby in Devils zone.
13:43 of 1st period - Snap shot by Zach Parise.
13:43 of 1st period - Shot Misses the Net.
13:45 of 1st period - Wrist shot by Jamie Arniel.
13:45 of 1st period - Stopped by Jaroslav Halak with a rebound.
13:55 of 1st period - Snap shot by Chris Stewart.
13:55 of 1st period - Shot Blocked by Cody Franson.
14:25 of 1st period - Snap shot by Nazem Kadri.
14:25 of 1st period - Shot Misses the Net.
14:27 of 1st period - Slapshot by Josh Gorges.
14:27 of 1st period - Stopped by Jaroslav Halak without a rebound.
14:28 of 1st period - Nazem Kadri wins face-off versus Sidney Crosby in Senateurs zone.
14:31 of 1st period - Snap shot by Tyler Ennis.
14:31 of 1st period - Shot Misses the Net.
14:33 of 1st period - Wrist shot by Tyler Ennis.
14:33 of 1st period - Stopped by Jaroslav Halak with a rebound.
14:35 of 1st period - Snap shot by Marian Gaborik.
14:35 of 1st period - Goal by Marian Gaborik - Devils : 1 - Senateurs : 0.
14:36 of 1st period - Nazem Kadri wins face-off versus Reilly Smith in neutral zone.
14:50 of 1st period - Minor Penalty to Anton Stralman for Holding.
14:51 of 1st period - Patrick Kaleta wins face-off versus Sidney Crosby in Devils zone.
14:51 of 1st period - Patrick Kaleta is hit by Sidney Crosby.
15:30 of 1st period - Snap shot by Zach Parise.
15:30 of 1st period - Stopped by Jaroslav Halak without a rebound.
15:31 of 1st period - Jamie Arniel wins face-off versus Sidney Crosby in Senateurs zone.
15:34 of 1st period - Snap shot by Zach Parise.
15:34 of 1st period - Deflect By Jamie Arniel.
15:34 of 1st period - Shot Misses the Net.
15:34 of 1st period - Puck is out of play.
15:35 of 1st period - Sidney Crosby wins face-off versus Jamie Arniel in Senateurs zone.
16:50 of 1st period - Penalty to Anton Stralman is over, Anton Stralman is back on ice.
16:58 of 1st period - Cody Franson is hit by Thomas Hickey.
17:22 of 1st period - Snap shot by Brian McGrattan.
17:22 of 1st period - Stopped by Maxime Daigneault without a rebound.
17:23 of 1st period - Peter Regin wins face-off versus Nazem Kadri in Devils zone.
17:48 of 1st period - Brandon Burlon is hit by Zach Parise and loses puck.
17:53 of 1st period - Snap shot by Jamie Arniel.
17:53 of 1st period - Shot Blocked by Colby Armstrong.
17:55 of 1st period - Slapshot by Zach Parise.
17:55 of 1st period - Shot Misses the Net.
18:15 of 1st period - Slapshot by Derek Boogaard.
18:15 of 1st period - Stopped by Maxime Daigneault with a rebound.
18:33 of 1st period - Snap shot by Marek Svatos.
18:33 of 1st period - Stopped by Maxime Daigneault without a rebound.
18:34 of 1st period - Maxim Lapierre wins face-off versus Tyler Ennis in Devils zone.
18:35 of 1st period - Snap shot by Marek Svatos.
18:35 of 1st period - Stopped by Maxime Daigneault with a rebound.
18:37 of 1st period - Slapshot by Dion Phaneuf.
18:37 of 1st period - Shot Blocked by Anton Stralman.
18:39 of 1st period - Wrist shot by Cody Franson.
18:39 of 1st period - Shot Blocked by Marian Gaborik.
18:41 of 1st period - Backhand shot by Cody Franson.
18:41 of 1st period - Stopped by Maxime Daigneault with a rebound.
19:27 of 1st period - Snap shot by Nazem Kadri.
19:27 of 1st period - Stopped by Jaroslav Halak without a rebound.
19:28 of 1st period - Sidney Crosby wins face-off versus Jamie Arniel in Senateurs zone.
19:28 of 1st period - Sidney Crosby is hit by Jamie Arniel.
19:40 of 1st period - Snap shot by Sidney Crosby.
19:40 of 1st period - Shot Misses the Net.
19:54 of 1st period - Patrick Kaleta is hit by Cody Franson and loses puck.
Goals for this period are 1 for Devils vs 0 for Senateurs.
Shots for this period are 10 for Devils vs 11 for Senateurs.
2nd period
0:01 of 2nd period - Jamie Arniel wins face-off versus Sidney Crosby in neutral zone.
1:32 of 2nd period - Wrist shot by Zach Parise.
1:32 of 2nd period - Shot Misses the Net.
1:34 of 2nd period - Slapshot by Kristopher Letang.
1:34 of 2nd period - Shot Blocked by Derek Boogaard.
1:36 of 2nd period - Slapshot by Jamie Arniel.
1:36 of 2nd period - Stopped by Jaroslav Halak with a rebound.
1:38 of 2nd period - Wrist shot by Chris Stewart.
1:38 of 2nd period - Deflect By Cody Franson.
1:38 of 2nd period - Stopped by Jaroslav Halak with a rebound.
1:54 of 2nd period - Wrist shot by Nick Bjugstad.
1:54 of 2nd period - Shot Blocked by Anton Stralman.
1:56 of 2nd period - Wrist shot by Cody Franson.
1:56 of 2nd period - Stopped by Maxime Daigneault without a rebound.
1:57 of 2nd period - Nazem Kadri wins face-off versus Sidney Crosby in Devils zone.
3:25 of 2nd period - Brandon Burlon is hit by Brad Richardson and loses puck.
4:12 of 2nd period - Mike Weber is hit by Maxim Lapierre and loses puck.
4:35 of 2nd period - Wrist shot by Tyler Ennis.
4:35 of 2nd period - Stopped by Jaroslav Halak without a rebound.
4:36 of 2nd period - Sidney Crosby wins face-off versus Jamie Arniel in Senateurs zone.
4:36 of 2nd period - Sidney Crosby is hit by Anton Stralman.
5:29 of 2nd period - Brandon Burlon is hit by Brad Richardson and loses puck.
5:45 of 2nd period - Icing by Peter Regin.
5:46 of 2nd period - Brad Richards wins face-off versus Sidney Crosby in Senateurs zone.
6:23 of 2nd period - Brandon Burlon is hit by Zach Parise and loses puck.
6:54 of 2nd period - Peter Regin is hit by Patrick Kaleta and loses puck.
7:01 of 2nd period - Snap shot by Brad Richards.
7:01 of 2nd period - Stopped by Jaroslav Halak without a rebound.
7:02 of 2nd period - Sidney Crosby wins face-off versus Jamie Arniel in Senateurs zone.
7:09 of 2nd period - Slapshot by Dion Phaneuf.
7:09 of 2nd period - Stopped by Maxime Daigneault without a rebound.
7:10 of 2nd period - Sidney Crosby wins face-off versus Jamie Arniel in Devils zone.
7:39 of 2nd period - Wrist shot by Zach Parise.
7:39 of 2nd period - Stopped by Jaroslav Halak without a rebound.
7:40 of 2nd period - Nick Bjugstad wins face-off versus Nazem Kadri in Senateurs zone.
8:05 of 2nd period - Sergei Kostitsyn is hit by Patrick Kaleta and loses puck.
8:49 of 2nd period - Matt Moulson is hit by Jamie Arniel and loses puck.
9:17 of 2nd period - Dion Phaneuf is hit by Tyler Ennis and loses puck.
9:32 of 2nd period - Brandon Burlon is hit by Brad Richards and loses puck.
9:59 of 2nd period - Brad Richardson is hit by Derek Boogaard and loses puck.
10:42 of 2nd period - Nazem Kadri is hit by Colby Armstrong and loses puck.
10:53 of 2nd period - Minor Penalty to Dion Phaneuf for Hooking.
10:54 of 2nd period - Sidney Crosby wins face-off versus Patrick Kaleta in Senateurs zone.
11:06 of 2nd period - Backhand shot by Derek Boogaard.
11:06 of 2nd period - Shot Misses the Net.
11:08 of 2nd period - Slapshot by Eric Gelinas.
11:08 of 2nd period - Shot Misses the Net.
12:53 of 2nd period - Penalty to Dion Phaneuf is over, Dion Phaneuf is back on ice.
13:19 of 2nd period - Maxim Lapierre is hit by Eric Tangradi and loses puck.
13:33 of 2nd period - Josh Gorges is hit by Marek Svatos and loses puck.
13:42 of 2nd period - Brandon Burlon is hit by Brad Richardson and loses puck.
13:51 of 2nd period - Wrist shot by Eric Tangradi.
13:51 of 2nd period - Goal by Eric Tangradi - Devils : 2 - Senateurs : 0.
13:52 of 2nd period - Sidney Crosby wins face-off versus Nazem Kadri in neutral zone.
13:55 of 2nd period - Snap shot by Derek Boogaard.
13:55 of 2nd period - Shot Blocked by Michael Del Zotto.
13:57 of 2nd period - Wrist shot by Eric Gelinas.
13:57 of 2nd period - Shot Misses the Net.
14:07 of 2nd period - Wrist shot by Derek Boogaard.
14:07 of 2nd period - Shot Blocked by Nazem Kadri.
14:19 of 2nd period - Eric Gelinas is hit by Jamie Arniel and loses puck.
14:26 of 2nd period - Wrist shot by Jamie Arniel.
14:26 of 2nd period - Stopped by Jaroslav Halak with a rebound.
14:40 of 2nd period - Wrist shot by Anton Stralman.
14:40 of 2nd period - Stopped by Jaroslav Halak with a rebound.
14:42 of 2nd period - Slapshot by Anton Stralman.
14:42 of 2nd period - Shot Misses the Net.
14:50 of 2nd period - Snap shot by Martin Samuelsson.
14:50 of 2nd period - Stopped by Jaroslav Halak with a rebound.
15:06 of 2nd period - Snap shot by Brad Richardson.
15:06 of 2nd period - Shot Misses the Net.
15:24 of 2nd period - Sergei Kostitsyn is hit by Nazem Kadri and loses puck.
15:42 of 2nd period - Zach Parise is hit by Matt Martin and loses puck.
15:47 of 2nd period - Snap shot by Nick Bjugstad.
15:47 of 2nd period - Shot Blocked by Zach Parise.
15:49 of 2nd period - Wrist shot by Nick Bjugstad.
15:49 of 2nd period - Stopped by Maxime Daigneault with a rebound.
15:51 of 2nd period - Slapshot by Anthony Bitetto.
15:51 of 2nd period - Stopped by Maxime Daigneault with a rebound.
15:53 of 2nd period - Snap shot by Matt Martin.
15:53 of 2nd period - Stopped by Maxime Daigneault with a rebound.
16:11 of 2nd period - Reilly Smith is hit by Martin Samuelsson and loses puck.
17:11 of 2nd period - Wrist shot by Matt Martin.
17:11 of 2nd period - Stopped by Maxime Daigneault with a rebound.
17:45 of 2nd period - Icing by Reilly Smith.
17:46 of 2nd period - Nazem Kadri wins face-off versus Sidney Crosby in Senateurs zone.
17:47 of 2nd period - Snap shot by Tyler Ennis.
17:47 of 2nd period - Shot Blocked by Sidney Crosby.
17:49 of 2nd period - Slapshot by Thomas Hickey.
17:49 of 2nd period - Deflect By Marian Gaborik.
17:49 of 2nd period - Shot Misses the Net.
17:49 of 2nd period - Puck is out of play.
17:50 of 2nd period - Sidney Crosby wins face-off versus Tyler Ennis in Senateurs zone.
18:19 of 2nd period - Wrist shot by Matt Martin.
18:19 of 2nd period - Shot Misses the Net.
18:21 of 2nd period - Wrist shot by Matt Martin.
18:21 of 2nd period - Stopped by Maxime Daigneault without a rebound.
18:22 of 2nd period - Jamie Arniel wins face-off versus Matt Martin in Devils zone.
18:33 of 2nd period - Wrist shot by Jamie Arniel.
18:33 of 2nd period - Stopped by Jaroslav Halak with a rebound.
18:39 of 2nd period - Chris Stewart is hit by Cody Franson and loses puck.
18:50 of 2nd period - Slapshot by Nick Bjugstad.
18:50 of 2nd period - Shot Misses the Net.
18:52 of 2nd period - Wrist shot by Nick Bjugstad.
18:52 of 2nd period - Stopped by Maxime Daigneault with a rebound.
18:54 of 2nd period - Slapshot by Eric Gelinas.
18:54 of 2nd period - Shot Misses the Net.
18:56 of 2nd period - Wrist shot by Colby Armstrong.
18:56 of 2nd period - Shot Blocked by Michael Del Zotto.
18:58 of 2nd period - Slapshot by Nate Prosser.
18:58 of 2nd period - Shot Misses the Net.
19:00 of 2nd period - Wrist shot by Colby Armstrong.
19:00 of 2nd period - Shot Blocked by Josh Gorges.
19:02 of 2nd period - Wrist shot by Colby Armstrong.
19:02 of 2nd period - Stopped by Maxime Daigneault with a rebound.
19:04 of 2nd period - Slapshot by Eric Gelinas.
19:04 of 2nd period - Stopped by Maxime Daigneault with a rebound.
19:06 of 2nd period - Wrist shot by Matt Martin.
19:06 of 2nd period - Shot Misses the Net.
19:08 of 2nd period - Wrist shot by Anthony Bitetto.
19:08 of 2nd period - Shot Blocked by Josh Gorges.
19:22 of 2nd period - Off-side.
19:23 of 2nd period - Sidney Crosby wins face-off versus Nazem Kadri in neutral zone.
19:57 of 2nd period - Off-side.
19:58 of 2nd period - Maxim Lapierre wins face-off versus Brad Richards in neutral zone.
Goals for this period are 1 for Devils vs 0 for Senateurs.
Shots for this period are 10 for Devils vs 10 for Senateurs.
3rd period
0:01 of 3rd period - Nazem Kadri wins face-off versus Sidney Crosby in neutral zone.
0:26 of 3rd period - Eric Gelinas is hit by Anton Stralman and loses puck.
0:49 of 3rd period - Icing by Dion Phaneuf.
0:50 of 3rd period - Jamie Arniel wins face-off versus Maxim Lapierre in Senateurs zone.
1:33 of 3rd period - Sergei Kostitsyn is hit by Jamie Arniel and loses puck.
1:40 of 3rd period - Wrist shot by Jamie Arniel.
1:40 of 3rd period - Stopped by Jaroslav Halak without a rebound.
1:41 of 3rd period - Nazem Kadri wins face-off versus Sidney Crosby in Senateurs zone.
2:12 of 3rd period - Slapshot by Nate Prosser.
2:12 of 3rd period - Shot Misses the Net.
2:14 of 3rd period - Wrist shot by Matt Martin.
2:14 of 3rd period - Shot Hit the Post.
2:16 of 3rd period - Slapshot by Nate Prosser.
2:16 of 3rd period - Deflect By Nick Bjugstad.
2:16 of 3rd period - Deflect By Anton Stralman.
2:16 of 3rd period - Shot Misses the Net.
2:16 of 3rd period - Puck is out of play.
2:17 of 3rd period - Nick Bjugstad wins face-off versus Nazem Kadri in Devils zone.
2:44 of 3rd period - Brian McGrattan is hit by Brad Richards.
3:55 of 3rd period - Brandon Burlon is hit by Mike Weber and loses puck.
4:10 of 3rd period - Patrick Kaleta is hit by Cody Franson and loses puck.
4:42 of 3rd period - Double Minor Penalty to Jamie Arniel for Roughing.
4:43 of 3rd period - Martin Samuelsson wins face-off versus Sidney Crosby in Devils zone.
6:08 of 3rd period - Cody Franson is hit by Zach Parise and loses puck.
6:59 of 3rd period - Nazem Kadri is hit by Brian McGrattan and loses puck.
7:08 of 3rd period - Snap shot by Marek Svatos.
7:08 of 3rd period - Stopped by Maxime Daigneault with a rebound.
7:10 of 3rd period - Backhand shot by Brian McGrattan.
7:10 of 3rd period - Goal by Brian McGrattan - Devils : 2 - Senateurs : 1.
7:11 of 3rd period - Nazem Kadri wins face-off versus Sergei Kostitsyn in neutral zone.
7:26 of 3rd period - Wrist shot by Marian Gaborik.
7:26 of 3rd period - Shot Blocked by Eric Gelinas.
8:02 of 3rd period - Nate Prosser is hit by Chris Stewart and loses puck.
8:18 of 3rd period - Off-side.
8:19 of 3rd period - Peter Regin wins face-off versus Nick Bonino in neutral zone.
8:21 of 3rd period - Off-side.
8:22 of 3rd period - Peter Regin wins face-off versus Nazem Kadri in neutral zone.
8:37 of 3rd period - Slapshot by Cody Franson.
8:37 of 3rd period - Deflect By Brian McGrattan.
8:37 of 3rd period - Stopped by Maxime Daigneault with a rebound.
9:11 of 3rd period - Brad Richards is hit by Dion Phaneuf and loses puck.
9:34 of 3rd period - Off-side.
9:35 of 3rd period - Nick Bonino wins face-off versus Maxim Lapierre in neutral zone.
10:09 of 3rd period - Minor Penalty to Mike Weber for Roughing.
10:10 of 3rd period - Martin Samuelsson wins face-off versus Sidney Crosby in Devils zone.
10:35 of 3rd period - Josh Gorges is hit by Matt Martin and loses puck.
11:00 of 3rd period - Slapshot by Jamie Arniel.
11:00 of 3rd period - Stopped by Jaroslav Halak with a rebound.
11:38 of 3rd period - Snap shot by Nick Bjugstad.
11:38 of 3rd period - Stopped by Maxime Daigneault with a rebound.
11:40 of 3rd period - Snap shot by Nick Bjugstad.
11:40 of 3rd period - Shot Blocked by Anton Stralman.
11:42 of 3rd period - Slapshot by Eric Gelinas.
11:42 of 3rd period - Shot Misses the Net.
11:44 of 3rd period - Snap shot by Colby Armstrong.
11:44 of 3rd period - Shot Misses the Net.
11:46 of 3rd period - Snap shot by Colby Armstrong.
11:46 of 3rd period - Stopped by Maxime Daigneault with a rebound.
11:48 of 3rd period - Backhand shot by Nate Prosser.
11:48 of 3rd period - Deflect By Eric Tangradi.
11:48 of 3rd period - Goal by Nate Prosser - Devils : 2 - Senateurs : 2.
11:49 of 3rd period - Sidney Crosby wins face-off versus Nazem Kadri in neutral zone.
12:38 of 3rd period - Snap shot by Brian McGrattan.
12:38 of 3rd period - Shot Misses the Net.
14:00 of 3rd period - Snap shot by Marian Gaborik.
14:00 of 3rd period - Goal by Marian Gaborik - Devils : 3 - Senateurs : 2.
14:01 of 3rd period - Nazem Kadri wins face-off versus Sidney Crosby in neutral zone.
14:08 of 3rd period - Wrist shot by Tyler Ennis.
14:08 of 3rd period - Goal by Tyler Ennis - Devils : 4 - Senateurs : 2.
14:09 of 3rd period - Derek Boogaard wins face-off versus Nazem Kadri in neutral zone.
14:20 of 3rd period - Snap shot by Sidney Crosby.
14:20 of 3rd period - Stopped by Maxime Daigneault with a rebound.
14:36 of 3rd period - Nick Bjugstad is hit by Zach Parise and loses puck.
14:45 of 3rd period - Slapshot by Michael Del Zotto.
14:45 of 3rd period - Deflect By Jamie Arniel.
14:45 of 3rd period - Stopped by Jaroslav Halak without a rebound.
14:46 of 3rd period - Nazem Kadri wins face-off versus Sidney Crosby in Senateurs zone.
14:49 of 3rd period - Wrist shot by Marian Gaborik.
14:49 of 3rd period - Deflect By Tyler Ennis.
14:49 of 3rd period - Stopped by Jaroslav Halak with a rebound.
14:59 of 3rd period - Wrist shot by Tyler Ennis.
14:59 of 3rd period - Shot Misses the Net.
15:09 of 3rd period - Minor Penalty to Sidney Crosby for Holding.
15:10 of 3rd period - Peter Regin wins face-off versus Patrick Kaleta in Senateurs zone.
15:17 of 3rd period - Snap shot by Patrick Kaleta.
15:17 of 3rd period - Stopped by Jaroslav Halak with a rebound.
15:21 of 3rd period - Slapshot by Tyler Ennis.
15:21 of 3rd period - Goal by Tyler Ennis - Devils : 5 - Senateurs : 2.
15:22 of 3rd period - Nazem Kadri wins face-off versus Sidney Crosby in neutral zone.
15:25 of 3rd period - Snap shot by Kristopher Letang.
15:25 of 3rd period - Shot Blocked by Cody Franson.
15:47 of 3rd period - Kristopher Letang is hit by Nick Bjugstad and loses puck.
15:53 of 3rd period - Icing by Zach Parise.
15:54 of 3rd period - Derek Boogaard wins face-off versus Jamie Arniel in Devils zone.
15:59 of 3rd period - Slapshot by Sidney Crosby.
15:59 of 3rd period - Shot Misses the Net.
16:01 of 3rd period - Snap shot by Sidney Crosby.
16:01 of 3rd period - Stopped by Maxime Daigneault without a rebound.
16:02 of 3rd period - Reilly Smith wins face-off versus Nazem Kadri in Devils zone.
16:09 of 3rd period - Snap shot by Derek Boogaard.
16:09 of 3rd period - Shot Misses the Net.
16:11 of 3rd period - Snap shot by Reilly Smith.
16:11 of 3rd period - Deflect By Sidney Crosby.
16:11 of 3rd period - Shot Blocked by Michael Del Zotto.
16:11 of 3rd period - Puck is out of play.
16:12 of 3rd period - Nazem Kadri wins face-off versus Sidney Crosby in Devils zone.
16:12 of 3rd period - Nazem Kadri is hit by Sidney Crosby.
16:18 of 3rd period - Slapshot by Derek Boogaard.
16:18 of 3rd period - Shot Misses the Net.
16:20 of 3rd period - Wrist shot by Sidney Crosby.
16:20 of 3rd period - Stopped by Maxime Daigneault without a rebound.
16:21 of 3rd period - Nazem Kadri wins face-off versus Sidney Crosby in Devils zone.
16:23 of 3rd period - Minor Penalty to Anton Stralman for Tripping.
16:24 of 3rd period - Sidney Crosby wins face-off versus Martin Samuelsson in Devils zone.
16:40 of 3rd period - Slapshot by Reilly Smith.
16:40 of 3rd period - Shot Hit the Post.
16:56 of 3rd period - Slapshot by Nick Bjugstad.
16:56 of 3rd period - Shot Blocked by Patrick Kaleta.
18:23 of 3rd period - Penalty to Anton Stralman is over, Anton Stralman is back on ice.
18:28 of 3rd period - Snap shot by Maxim Lapierre.
18:28 of 3rd period - Shot Blocked by Zach Parise.
18:48 of 3rd period - Thomas Hickey is hit by Brian McGrattan and loses puck.
19:51 of 3rd period - Patrick Kaleta is hit by Nick Bjugstad and loses puck.
Goals for this period are 3 for Devils vs 2 for Senateurs.
Shots for this period are 8 for Devils vs 9 for Senateurs.
Output by the SimonT Hockey Simulator (STHS) for Francois Prevost